 Dungeon Crawl Stone Soup version 0.28-a0-697-g47f3eba078 (webtiles) character file.

Game seed: 12197507613143342307

1871 SmokeWeed the Covered (level 8, -2/71 HPs)
             Began as a Minotaur Gladiator on Oct 24, 2021.
             Slain by an orc priest (5 damage)
             ... on level 6 of the Dungeon.
             The game lasted 00:15:52 (5064 turns).

SmokeWeed the Covered (Minotaur Gladiator)          Turns: 5064, Time: 00:15:54

Health: -2/71      AC: 15    Str: 18    XL:     8   Next: 90%
Magic:  7/7        EV:  7    Int: 13    God:
Gold:   339        SH:  0    Dex: 13    Spells: 2/7 levels left

rFire   . . .      SeeInvis .   o - +6 quarterstaff (chaos)
rCold   . . .      Faith    .   (shield currently unavailable)
rNeg    . . .      Spirit   .   l - +1 plate armour
rPois   .          Reflect  .   c - +0 hat
rElec   .          Harm     .   p - +0 cloak
rCorr   .          Rampage  .   (no gloves)
Will    .....                   (no boots)
Stlth   ..........              t - amulet of the acrobat
HPRegen 0.21/turn               m - +6 ring of intelligence
MPRegen 0.10/turn               (no ring)

@: no status effects
A: horns 2, retaliatory headbutt
a: no special abilities


You were on level 6 of the Dungeon.
You visited 1 branch of the dungeon, and saw 6 of its levels.
You also visited: Sewer.

You collected 339 gold pieces.

Inventory:

Hand Weapons
 a - a +0 long sword
 o - a +6 quarterstaff of chaos (weapon)
 z - a +2 vampiric scythe
Missiles
 d - a throwing net
 f - 161 stones
 g - 30 poisoned darts (quivered)
 v - 28 arrows
Armour
 c - a +0 hat (worn)
 i - a +0 chain mail
 l - a +1 plate armour (worn)
 p - a +0 cloak (worn)
Magical Staves
 b - a staff of fire
Jewellery
 m - a +6 ring of intelligence (left hand)
 n - an amulet of regeneration
 t - an amulet of the acrobat (around neck)
Wands
 r - a wand of polymorph (1)
Scrolls
 q - a scroll of teleportation
 y - a scroll of fog
Potions
 e - 2 potions of lignification
 h - 2 potions of brilliance
 j - a potion of curing {unknown}
 k - a potion of experience {unknown}
 s - a potion of attraction {unknown}
 u - a potion of heal wounds {unknown}
 w - a potion of resistance {unknown}
 x - 3 potions of mutation
 A - a potion of magic {unknown}
 B - a potion of degeneration {unknown}


   Skills:
 - Level 6.4 Fighting
 - Level 5.0 Long Blades
 - Level 5.5 Staves
 - Level 3.7 Throwing
 - Level 7.0 Armour
 - Level 4.8 Dodging
 + Level 1.1 Stealth
 - Level 3.3 Evocations


You had 2 spell levels left.
You knew the following spells:

 Your Spells              Type           Power      Damage    Failure   Level
a - Lightning Bolt        Conj/Air       0%         1d11      100%        5

Your spell library contained the following spells:

 Spells                   Type           Power      Damage    Failure   Level
 Static Discharge         Conj/Air       0%         N/A       100%        2
 Maxwell's Capacitive Co  Air            0%         ∞         100%        8


Dungeon Overview and Level Annotations

Branches:
Dungeon (6/15)             Temple (0/1) D:6           Sewer (visited)

Altars:
Qazlal
Vehumet

Shops:
D:1 (   D:3 [

Annotations:
D:4 3 runed translucent doors, AlleluiaPinecone's ghost, amateur TrBe; AttackTheMoon's ghost, novice DjFE; MisterAzrael's ghost, amateur MiFi; insectpublic's ghost, weakling HOFi; lunkers's ghost, amateur DjCA


Innate Abilities, Weirdness & Mutations

You have a pair of horns on your head.
You reflexively headbutt those who attack you in melee.


Message History

The orc priest looks satisfied for a moment.
The orc hits you with a +0 mace.
The orc priest hits you from afar with a +0 trident of distortion.
You thump the orc priest!
You kill the orc priest!
The orc wizard casts a spell.
The orc wizard flickers and vanishes!
Deactivating autopickup; reactivate with Ctrl-A.
The orc priest hits you from afar with a +0 trident of distortion.
Space warps horribly around you! The orc closely misses you.
Your Stealth skill increases to level 1!
Things that are here:
a +0 robe; the human corpse of Sigmund You closely miss the orc.
The orc closely misses you.
The orc priest hits you from afar with a +0 trident of distortion.
Space warps around you.
You hit the orc. You freeze the orc. Your headbutt misses the orc.
The orc is severely wounded.
The orc closely misses you.
The orc priest hits you from afar with a +0 trident of distortion.
Space warps horribly around you!!
* * * LOW HITPOINT WARNING * * *
You sock the orc!
You kill the orc!
The orc priest hits you from afar with a +0 trident of distortion.
* * * LOW HITPOINT WARNING * * *
Something closely misses you.
The orc priest invokes the aid of Beogh against you.
Beogh smites you!
* * * LOW HITPOINT WARNING * * *
Things that are here:
a +0 mace; a poisoned dart; an orc corpse
Okay, then.
You hit the orc priest.
The orc priest is heavily wounded.
You hear some strange, mumbled words.
A magic dart appears from out of thin air!
The magic dart hits you but does no damage.
The orc priest hits you with a +0 trident of distortion.
You die...

.#.### .. .....# ##..
##...## ### #....
##...>### ##.##...
#..##...# #......
........# ##...(# .
..##....###...(.### ...
......####.....##.#.....
.......#.#.....[@{......
............##.##o...!).
...##.......#.## .(.(...
)...##.........# #......
........#.#.....# ......
..##.........#.## ###...
..###.###........ ...
...##[. #.....##.. ..
...### ....### .. ....


You could see an orc priest.

Vanquished Creatures
  Sigmund (D:6)
  Duvessa (D:5)
  2 water moccasins
  An ice beast (D:6)
  Purgy (Sewer)
  A centaur (D:6)
  An ogre (D:4)
  2 phantoms
  A bullfrog (D:4)
  A gnoll sergeant (D:6)
  Dowan (D:5)
  A water moccasin skeleton (D:4)
  2 hounds
  An orc priest (D:6)
  A jelly (D:6)
  A gnoll shaman (D:4)
  Crazy Yiuf (D:2)
  Natasha (thrice) (D:3)
  A bullfrog skeleton (D:5)
  2 iguanas
  An orc wizard (D:6)
  11 gnolls
  A howler monkey skeleton (D:6)
  8 adders
  A shadow imp (D:4)
  A white imp (D:6)
  An ufetubus (D:4)
  2 worms
  A dart slug (D:1)
  8 orcs
  7 endoplasms
  2 giant cockroaches (D:3)
  6 goblins
  7 hobgoblins
  3 jackals (D:4)
  5 quokkas
  9 ball pythons
  8 bats
  8 frilled lizards
  7 kobolds
  12 rats
135 creatures vanquished.

Vanquished Creatures (collateral kills)
  A kobold (D:3)
1 creature vanquished.

Grand Total: 136 creatures vanquished

Notes
Turn   | Place    | Note
-------+----------+-------------------------------------------
     0 | D:1      | SmokeWeed the Minotaur Gladiator began the quest for the
                  | Orb.
     0 | D:1      | Reached XP level 1. HP: 18/18 MP: 0/0
   250 | D:1      | Reached XP level 2. HP: 23/25 MP: 1/1
   294 | D:1      | Found Kumum's Weapon Shop.
   395 | D:1      | Found a faded altar of an unknown god.
   761 | D:1      | Found Wovuse's Antique Weapon Shoppe.
   997 | D:2      | Reached XP level 3. HP: 27/30 MP: 2/2
  1003 | D:2      | Reached skill level 1 in Armour
  1247 | D:2      | Reached XP level 4. HP: 34/38 MP: 3/3
  1667 | D:2      | Found a runed translucent door.
  1668 | D:2      | Noticed Crazy Yiuf
  2028 | D:2      | Killed Crazy Yiuf
  2029 | D:2      | Reached skill level 2 in Armour
  2141 | D:3      | Noticed Natasha
  2147 | D:3      | Killed Natasha
  2148 | D:3      | Reached skill level 5 in Long Blades
  2148 | D:3      | Reached XP level 5. HP: 46/46 MP: 4/4
  2166 | D:3      | Noticed Natasha
  2172 | D:3      | Killed Natasha
  2173 | D:3      | Reached skill level 3 in Armour
  2396 | D:3      | Found Nelummon's Antique Armour Shoppe.
  2418 | D:3      | Found a radiant altar of Vehumet.
  2419 | D:3      | Noticed Natasha
  2424 | D:3      | Killed Natasha
  2425 | D:3      | Reached skill level 1 in Staves
  2511 | D:3      | Found a glowing drain.
  2515 | Sewer    | Entered a sewer
  2566 | Sewer    | Noticed Purgy
  2608 | Sewer    | Killed Purgy
  2609 | Sewer    | Reached XP level 6. HP: 50/53 MP: 5/5
  3079 | D:4      | Reached skill level 4 in Armour
  3099 | D:4      | Noticed a water moccasin
  3111 | D:4      | Killed a water moccasin
  3112 | D:4      | Reached XP level 7. HP: 21/60 MP: 6/6
  3172 | D:4      | Found a stormy altar of Qazlal.
  3205 | D:4      | Learned a level 5 spell: Lightning Bolt
  3249 | D:4      | Reached skill level 5 in Armour
  3256 | D:4      | Reached skill level 5 in Fighting
  3511 | D:4      | Found a runed translucent gate.
  3511 | D:4      | Found a runed translucent gate.
  3511 | D:4      | Found a runed translucent gate.
  3514 | D:4      | Noticed MisterAzrael's ghost (amateur MiFi)
  3514 | D:4      | Noticed AttackTheMoon's ghost (novice DjFE)
  3666 | D:4      | Noticed AlleluiaPinecone's ghost (amateur TrBe)
  3666 | D:4      | Noticed lunkers's ghost (amateur DjCA)
  3666 | D:4      | Noticed insectpublic's ghost (weakling HOFi)
  4023 | D:5      | Entered Level 5 of the Dungeon
  4129 | D:5      | Noticed Dowan
  4129 | D:5      | Noticed Duvessa
  4138 | D:5      | Killed Duvessa
  4147 | D:5      | Killed Dowan
  4148 | D:5      | Reached skill level 6 in Armour
  4149 | D:5      | Reached XP level 8. HP: 67/68 MP: 7/7
  4795 | D:6      | Reached skill level 5 in Staves
  4870 | D:6      | Found a staircase to the Ecumenical Temple.
  4950 | D:6      | Reached skill level 7 in Armour
  5034 | D:6      | Reached skill level 1 in Evocations
  5036 | D:6      | Noticed Sigmund
  5044 | D:6      | Killed Sigmund
  5059 | D:6      | Reached skill level 1 in Stealth
  5063 | D:6      | HP: 2/71 [orc priest/divine providence (13)]
  5064 | D:6      | Slain by an orc priest

Illustrated notes

Levels and vault maps discovered:
D:1:      ncdulo_watergridlock, layout_loops_ring, serial_shops,
          nicolae_lakefront_shop, nicolae_shop_statue_plus,
          hellmonk_ecumenical_altar_blasted
D:2:      layout_basic, st_stairs_9, corexii_corridor_pit, minmay_pentomino_x2,
          uniq_crazy_yiuf_cottage
D:3:      layout_loops_ring, old_standard_altar, serial_shops, shop,
          gup_sewer_entry_bowl, minmay_quadrilaterals, uniq_natasha
D:4:      layout_cave_pods, grunt_qazlal_sundering, gammafunk_ghost_cemetery
D:5:      layout_basic, uniq_duvessa
D:6:      layout_cave_pools, minmay_temple_entry_large_hall, uniq_sigmund

Skill      XL: |  1  2  3  4  5  6  7  8 |
---------------+-------------------------+-----
Long Blades    | 4 5 |  5.0
Fighting       | 3 4 5 6 |  6.4
Armour         | 1 2 3 4 6 7 |  7.0
Dodging        | 4 |  4.8
Staves         | 2 3 4 5 |  5.5
Throwing       | 3 |  3.7
Evocations     | 3 |  3.3
Stealth        | 1 |  1.1

Action                   |  1- 3 |  4- 6 |  7- 9 || total
-------------------------+-------+-------+-------++-------
Melee: Long sword        |    52 |       |       ||    52
       Headbutt          |     8 |    16 |    15 ||    39
       Staff             |     5 |    45 |       ||    50
       Quarterstaff      |       |    97 |   113 ||   210
Throw: Throwing net      |       |     3 |       ||     3
       Dart              |       |     6 |    17 ||    23
  Use: Scroll            |     1 |     5 |     6 ||    12
 Stab: Sleeping          |     1 |       |       ||     1
Armor: Leather armour    |    15 |       |       ||    15
       Chain mail        |     8 |     2 |       ||    10
       Plate armour      |       |   101 |    80 ||   181
       Skin              |       |     2 |       ||     2
Dodge: Dodged            |    35 |    53 |    53 ||   141

Table legend: (Time is in decaauts)
 A = Elapsed time spent in this place.
 B = Non-inter-level travel time spent in this place.
 C = Inter-level travel time spent in this place.
 D = Time resting spent in this place.
 E = Time spent auto-exploring this place.
 F = Levels seen in this place.
 G = Mean time per level.
                   A        B        C        D        E       F      G
               +--------+--------+--------+--------+--------+-----+--------+
         Total |   5149 |   5042 |    107 |    274 |   3640 |   7 |  735.6 |
       Dungeon |   4889 |   4782 |    107 |    274 |   3500 |   6 |  814.8 |
         Sewer |    259 |    259 |      0 |      0 |    139 |   1 |  259.0 |
               +--------+--------+--------+--------+--------+-----+--------+

Top non-repeatable levels by time:
     D:2: 1183 daAuts
     D:4: 959 daAuts
     D:1: 920 daAuts
     D:3: 784 daAuts
     D:5: 645 daAuts
     D:6: 396 daAuts
   Sewer: 259 daAuts
